← All builds
Suicide front / Armada / Factory first / OBSERVED BUILD

Standard suicide front

Armada Suicide front build order · Supreme Isthmus

The role's baseline: Bot Lab at 0:21 then straight into reclaim-fed T1 bot production to contest the middle and hold until T2 arrives, with an Advanced Metal Extractor around 9:45.

#rush · 2247 distinct matches · 261 players · 72% of Armada Suicide front games · team won 59% of 2637 · Recently observed

HOW TO PLAY IT

Key timing: Bot Lab by 0:20

  1. Open with mex and lab-first to get Bot Lab up by 0:20.
  2. Expand mex and wind while lab pumps units toward middle.
  3. Push Sentry and early Rocketeer, Centurion to contest middle.
  4. Get T2 constructor out once Pond's boost lets you spare metal.
  5. Upgrade mex to Advanced Metal Extractor as you transition off T1 spam.

Phase by phase

TYPICAL OF ITS 2247 GAMES
  1. 1
  2. 2
  3. 3
PLAY THE OPENING

Follow the example game's first 6:00 step by step: what to build now, what comes next, and where it goes. At 1× it keeps pace with your own game.

  1. 1

    Bot Lab first

    Order
    1. Bot LabBot Lab done ~0:26, middle half 0:20–0:33

    Some games also: mex (47%)

  2. 2

    Bot Lab to 5:00

    Economy
    • Metal Extractor5Mex
    • Wind Turbine4Wind
    Builders
    • Construction Bot3 Con bot
    • Lazarus2 Lazarus
    Army
    • Sentry4 Sentry
    • Rocketeer16 Rocketeer
    • Tick2 Tick
    • Centurion1 Centurion
    Other
    • Radar Tower1 Radar Tower

    Some games also: pawn (39%) · con turret (34%)

    By 5:00 in all: 5 mex · 4 wind

    The example game in this phase · 35 steps
    1. Mex
    2. Construction BotCon bot
    3. Mex
    4. Wind
    5. LazarusLazarus
    6. SentrySentry
    7. Construction BotCon bot
    8. CenturionCenturion
    9. Mex ×2
    10. RocketeerRocketeer ×2
    11. SentrySentry
    12. Radar TowerRadar Tower
    13. RocketeerRocketeer ×2
    14. Mex
    15. Construction BotCon bot
    16. SentrySentry
    17. CenturionCenturion
    18. LazarusLazarus
    19. Construction BotCon bot
    20. RocketeerRocketeer ×3
    21. Con turret
    22. RocketeerRocketeer
    23. Wind
    24. RocketeerRocketeer
    25. LazarusLazarus
    26. Wind
    27. Construction BotCon bot
    28. CenturionCenturion
    29. SentrySentry
    30. Wind
    31. RocketeerRocketeer
    32. BeamerBeamer
    33. RocketeerRocketeer
    34. Wind
    35. RocketeerRocketeer
  3. 3

    5:00 to 10:00

    Economy
    • Metal Extractor1Mex
    • Wind Turbine15Wind
    Builders
    • Construction Turret2 Con turret
    • Lazarus2 Lazarus
    • Construction Bot1 Con bot
    Army
    • Sentry1 Sentry
    • Rocketeer8 Rocketeer

    Some games also: pawn (48%) · Radar Tower (46%) · centurion (44%) · tick (43%) · energy storage (42%) · eat Bot Lab (31%)

    By 10:00 in all: 6 mex · 21 wind · 1 energy storage · 2 con turret

    The example game in this phase · 247 steps
    1. RocketeerRocketeer
    2. LazarusLazarus
    3. Wind
    4. BeamerBeamer
    5. Construction BotCon bot
    6. Wind
    7. CenturionCenturion
    8. Con turret
    9. Converter
    10. Wind
    11. RocketeerRocketeer ×2
    12. Converter
    13. RocketeerRocketeer
    14. LazarusLazarus
    15. Construction BotCon bot
    16. Wind
    17. Construction BotCon bot
    18. Wind
    19. Converter
    20. RocketeerRocketeer
    21. Construction BotCon bot
    22. Wind ×2
    23. RocketeerRocketeer
    24. Wind
    25. RocketeerRocketeer
    26. Construction BotCon bot
    27. Wind
    28. Converter
    29. Wind ×3
    30. Construction BotCon bot
    31. Wind
    32. CenturionCenturion
    33. Wind ×2
    34. Converter
    35. RocketeerRocketeer
    36. Construction BotCon bot
    37. Wind
    38. Mex
    39. ThugThug
    40. Wind
    41. Construction BotCon bot
    42. AggravatorAggravator
    43. Wind ×2
    44. AggravatorAggravator
    45. Construction BotCon bot
    46. Wind
    47. AggravatorAggravator
    48. Converter
    49. Wind
    50. AggravatorAggravator
    51. Construction BotCon bot
    52. Wind ×4
    53. LazarusLazarus
    54. Wind ×2
    55. Energy storage
    56. Wind ×2
    57. Converter
    58. LazarusLazarus
    59. GunslingerGunslingerdone 9:34
    60. Wind ×2
    61. ThugThug
    62. Wind
    63. Converter
    64. Wind
    65. RocketeerRocketeer
    66. Mex
    67. Wind
    68. LazarusLazarus
    69. Converter
    70. Wind ×2
    71. LazarusLazarus
    72. Converter
    73. Wind ×2
    74. Construction BotCon bot
    75. Wind
    76. Converter
    77. Wind ×2
    78. Construction BotCon bot
    79. Wind
    80. Converter
    81. Wind
    82. Construction BotCon bot
    83. Wind
    84. TickTick
    85. Wind
    86. TickTick
    87. Converter
    88. Wind
    89. TickTick ×3
    90. Wind ×2
    91. TickTick ×2
    92. Converter
    93. Wind
    94. TickTick ×3
    95. Wind ×2
    96. TickTick
    97. Converter
    98. TickTick ×2
    99. Advanced Metal ExtractorT2 mexdone 11:45 · typical 9:49
    100. Wind
    101. TickTick
    102. Wind
    103. TickTick
    104. Converter
    105. Wind
    106. Con turret
    107. Wind
    108. Advanced Metal ExtractorT2 mex
    109. TickTick
    110. Wind
    111. TickTick
    112. Wind
    113. Converter
    114. TickTick
    115. Wind ×2
    116. TickTick
    117. Wind
    118. Converter
    119. Wind
    120. TickTick
    121. Wind
    122. Advanced Metal ExtractorT2 mex
    123. TickTick
    124. Wind
    125. Converter
    126. Wind ×3
    127. Converter
    128. Wind
    129. TickTick
    130. Wind ×2
    131. Converter
    132. Advanced Metal ExtractorT2 mex
    133. TickTick
    134. Wind
    135. TickTick
    136. Wind
    137. Converter
    138. TickTick
    139. Wind ×2
    140. TickTick
    141. Wind ×2
    142. Converter
    143. Wind
    144. TickTick
    145. Wind
    146. TickTick
    147. Converter
    148. Wind
    149. WolverineWolverine
    150. TickTick
    151. Wind ×2
    152. TickTick
    153. Con turret
    154. QuakerQuakerdone 13:04
    155. Converter
    156. AggravatorAggravator
    157. TickTick
    158. Wind ×2
    159. TickTick
    160. IncisorIncisor
    161. Wind
    162. Converter
    163. Wind
    164. TickTick
    165. Con turret
    166. JaguarJaguar
    167. TickTick
    168. Wind
    169. CenturionCenturion
    170. Wind
    171. Advanced Metal ExtractorT2 mex
    172. Converter
    173. TickTick
    174. Wind
    175. TickTick
    176. Wind
    177. RocketeerRocketeer
    178. Con turret
    179. TickTick
    180. Wind
    181. Converter
    182. TickTick
    183. Wind
    184. JaguarJaguar
    185. TickTick
    186. AggravatorAggravator
    187. Wind
    188. TickTick ×3
    189. Converter
    190. TickTick
    191. Wind ×2
    192. RocketeerRocketeer
    193. TickTick ×3
    194. ThugThug
    195. TickTick
    196. Wind
    197. TickTick
    198. Wind
    199. TickTick
    200. Radar TowerRadar Tower
    201. Converter
    202. TickTick
    203. MaceMace
    204. TickTick ×2
    205. Wind
    206. TickTick ×2
    207. Wind
    208. Advanced Metal ExtractorT2 mex
    209. AggravatorAggravator
    210. TickTick ×3
    211. Converter
    212. TickTick
    213. Wind
    214. TickTick
    215. JaguarJaguar
    216. Wind
    217. TickTick ×2
    218. RocketeerRocketeer
    219. TickTick
    220. Wind
    221. TickTick ×3
    222. Wind
    223. TickTick ×2
    224. Converter
    225. TickTick
    226. Wind
    227. TickTick
    228. RocketeerRocketeer
    229. TickTick
    230. Vehicle PlantVehicle Plantdone 14:44
    231. Wind
    232. GunslingerGunslinger
    233. TickTick
    234. Wind
    235. Converter
    236. Con turret
    237. TickTick
    238. Wind
    239. TickTick
    240. Wind
    241. TickTick
    242. ThugThug ×2
    243. Wind
    244. TickTick
    245. Con turret
    246. Converter
    247. TickTick ×2

Counts are medians over the build's games: half of them build more, half fewer. The example game is Cokeado's (36 OS, 15/10/2026); pick another.

Team trades

IN AT LEAST 30% OF ITS GAMES

You hand over

Nothing regular.

You get

  • Tidal Generator4 Tidal from Pondfirst at 0:11 · in 68% of games
  • Advanced Construction Bot1 T2 con bot from Geo or Techfirst at 7:45 · in 57% of games

How it plays out

Typical game of this build, running totals by minute

Metal produced

010k20k
0:005:0010:0015:00

metal

Enemy metal destroyed

05k10k
0:005:0010:0015:00

metal

Own metal lost

05k10k
0:005:0010:0015:00

metal

2637 games.

Show as table
ByMetal produced: This buildEnemy metal destroyed: This buildOwn metal lost: This build
1:0023000
2:0088700
3:002006193130
4:003105647502
5:0041861358990
6:00535222041677
7:00654530812550
8:00775239633443
9:00903447304337
10:001040053465120
11:001185058925902
12:001353664446635
13:001533969227401
14:001720575528183
15:001915081918947
WHAT THE NUMBERS SAY

Standard Suicide front play wins a bit over half its games while taking the heaviest own losses of any role by 15:00.

  • + Produces 20142 metal by 15:00, highest of the front roles.
  • + First kill by 2:01 in all games, fastest contest of middle.
  • − Own metal lost hits 9178 by 15:00, more than enemy metal destroyed.
  • − Only 34% Rocketeer share shows army spread thin across many bot types.
THE EXAMPLE YOU ARE READING

Cokeado

35.8 OS · 15/10/2026

Open source match ↗

5 received units · includes a constructor
103 metal received · 29502 energy received

Allied construction assistance is unknown. Timings are observations, not a promise of solo reproducibility.

Typical milestones

Bot Lab0:26Middle 50%: 0:20–0:33 · n=2628
Advanced Metal Extractor9:49Middle 50%: 8:52–11:00 · n=1889

Played most by

_X_265games of this buildPlatinumBlonde188games of this buildXad165games of this buildTrapCaT113games of this buildSoliloqueur81games of this build